 Dungeon Crawl Stone Soup version 0.28.0-49-g6dfe1f597d (webtiles) character file.

Game seed: 6393169722550072408

131 pkoi the Insei (level 4, -2/55 HPs)
             Began as a Demigod Gladiator on May 16, 2022.
             Slain by Natasha (5 damage)
             ... on level 2 of the Dungeon on May 17, 2022.
             The game lasted 00:06:11 (3870 turns).

pkoi the Insei (Demigod Gladiator)                  Turns: 3870, Time: 00:06:12

Health: -2/55      AC: 22    Str: 15    XL:     4   Next: 61%
Magic:  6/6        EV:  2    Int: 14    God:
Gold:   80         SH:  0    Dex: 15    Spells: 3/3 levels left

rFire   . . .      SeeInvis .     - Unarmed
rCold   . . .      Faith    .   (no shield)
rNeg    . . .      Spirit   .   (armour currently unavailable)
rPois   +          Reflect  .   (helmet currently unavailable)
rElec   .          Harm     .   (cloak currently unavailable)
rCorr   .          Rampage  .   (gloves currently unavailable)
Will    .....      NoTele   +   (boots currently unavailable)
Stlth   ++........              (no amulet)
HPRegen 0.18/turn               (no ring)
MPRegen 0.10/turn               (no ring)

@: tree-form, slowed, very slow
A: stationary, stasis, torment immunity, boosted hp, high MP 1, forlorn, divine
attributes
a: no special abilities


You were on level 2 of the Dungeon.
You were a tree.
You visited 1 branch of the dungeon, and saw 2 of its levels.

You collected 80 gold pieces.

Inventory:

Hand Weapons
 f - a +1 vampiric trident
 h - a +0 hand axe of freezing
Missiles
 c - 3 throwing nets (quivered)
Armour
 a - a +0 leather armour (melded)
 b - a +0 helmet (melded)
 d - a +0 pair of boots (melded)
Scrolls
 e - 2 scrolls of identify


   Skills:
 + Level 2.9 Fighting
 - Level 1.9 Throwing
 - Level 3.0 Dodging
 + Level 2.1 Stealth
 + Level 3.5 Unarmed Combat


You had 3 spell levels left.
You didn't know any spells.
Your spell library contained the following spells:

 Spells                   Type           Power      Damage    Failure   Level
 Dazzling Flash           Conj/Hex       0%         N/A       65%         3
 Iskenderun's Mystic Bla  Conj/Tloc      0%         2d3       96%         4
 Starburst                Conj/Fire      0%         6d3       100%        6


Dungeon Overview and Level Annotations

Branches:
Dungeon (2/15)

Annotations:
D:2 Natasha


Innate Abilities, Weirdness & Mutations

You are a tree.
Your roots penetrate the ground, keeping you stationary.
You cannot be teleported.
You are immune to unholy pain and torment.
Your maximum health is greatly increased.
Your equipment is partially melded.
You have an increased reservoir of magic. (+10% MP)
You shall have no god before yourself.
Your divine heritage dramatically boosts your attributes as you level up.


Message History

Natasha claws you.
* * * LOW HITPOINT WARNING * * *
You hit Natasha.
Natasha is severely wounded.
Natasha casts a spell at you.
You feel yourself slow down.
You miss Natasha.
Natasha is severely wounded.
Natasha casts a spell.
Natasha completely misses you.
You barely miss Natasha.
Natasha is severely wounded.
Natasha casts a spell at you. The magic dart hits you.
* * * LOW HITPOINT WARNING * * *
The white imp gestures at you. The puff of frost hits you!
* * * LOW HITPOINT WARNING * * *
Natasha growls.
Natasha claws you.
* * * LOW HITPOINT WARNING * * *
There is an open door here.
You hit Natasha.
Natasha is almost dead.
Natasha mumbles some strange words.
Natasha casts a spell.
You barely miss Natasha.
Natasha is almost dead.
Natasha stares at you and mumbles some strange words.
The magic dart hits you.
* * * LOW HITPOINT WARNING * * *
You aren't carrying any items that you can evoke.
Really quaff the potion of lignification?
You turn into a tree.
Your +0 helmet melds into your body.
Your +0 pair of boots melds into your body.
Your +0 leather armour melds into your body.
Your roots penetrate the ground.
Natasha wildly gestures.
You feel disoriented. Natasha claws you but does no damage. Natasha claws you.
You die...

.h..h.g..........................
.#.###...............#######.##..
.#.# #...............# #.##.#
.#.#######...........#######.##.#
.#......<'...........#.....#.##.#
....######.....###'#.#.###.#.#...
###.# #.#...# #.#.#.# #.#.#..# .#
##.#..5###.#.#.###.#.#...
.......5h♣................
###.#..5###.###.#####.##.#
#.#...# #.# #.# #..... .#...# #.#
#.# #####. #...###.# #.# #.
#####...# #.# ## #...# #.# #
#...# #.# ##### #####...###.#
#....


You could see Natasha, a crimson imp (summoned), a white imp (summoned) and a
shadow imp (summoned).

Vanquished Creatures
  Natasha (D:2)
  3 gnolls
  3 adders (D:2)
  3 dart slugs
  3 ball pythons
  4 endoplasms
  A giant cockroach (D:2)
  A goblin (D:1)
  3 hobgoblins (D:1)
  4 jackals (D:2)
  3 kobolds (D:1)
  4 quokkas
  4 bats
  5 rats
42 creatures vanquished.

Notes
Turn   | Place    | Note
-------+----------+-------------------------------------------
     0 | D:1      | pkoi the Demigod Gladiator began the quest for the Orb.
     0 | D:1      | Reached XP level 1. HP: 17/17 MP: 3/3
   534 | D:1      | Reached XP level 2. HP: 20/24 MP: 4/4
  1631 | D:2      | Reached XP level 3. HP: 18/29 MP: 5/5
  1805 | D:2      | Noticed Natasha
  1835 | D:2      | Killed Natasha
  1836 | D:2      | Reached skill level 1 in Stealth
  2390 | D:2      | Reached XP level 4. HP: 20/37 MP: 6/6
  3852 | D:2      | Noticed Natasha
  3869 | D:2      | HP: 1/37 [Natasha/magic dart (5)]
  3870 | D:2      | Slain by Natasha

Illustrated notes

Levels and vault maps discovered:
D:1:      lightli_arrival_windingriver, layout_loops_ring,
          shapermc_ecumenical_altar_starsandcircs
D:2:      layout_basic, serial_shops, shop, uniq_natasha

Skill      XL: |  1  2  3  4 |
---------------+-------------+-----
Fighting       | 2 |  2.9
Dodging        | 3 |  3.0
Unarmed Combat | 3 |  3.5
Stealth        | 1 2 |  2.1
Throwing       | |  1.9

Action                   |  1- 3 |  4- 6 || total
-------------------------+-------+-------++-------
Melee: Unarmed           |   166 |    77 ||   243
       Punch             |     2 |     3 ||     5
  Use: Scroll            |     1 |       ||     1
       Potion            |       |     1 ||     1
 Stab: Sleeping          |     3 |       ||     3
Armor: Leather armour    |    45 |    19 ||    64
       Skin              |       |     1 ||     1
Dodge: Dodged            |   117 |    38 ||   155
